Construct Infanterie Kompanie
Infanterie Officer Quarters
Construct Luftwaffe Kompanie
Selects Luftwaffe Battlegroup
Selects Luftwaffe Pioneer Support
Selects Stuka Strafing Run
Selects Fallschirmjäger Squad Paradrop
Fallschirmjäger Squad Paradrop
Selects LG40 Recoilless Gun Paradrop
LG40 Recoilless Gun Paradrop
Selects Infantry Reserves
Fallschirmjäger Squad Paradrop
Luftwaffe Officer Quarters
Construct Panzer Kompanie
Fallschirmjäger Squad Paradrop
Fallschirmjäger Squad Paradrop
Selects Fragmentation Bombs
Marder III M Tank Destroyer